Map: Lock & Load

Players

monk

  • Race: Zerg Zerg

sniper

  • Race: Terran Terran
  • Spawn Location: 6:00

VOD

Have the link to the VOD?

Description

Time

  • Played on: Aug. 22, 2017, 10:22 p.m.
  • Length: 19:05
Show
View Real Time Build Order
Export as new Build Order

monk Zerg 

Build Orders:  

Get SALT Encoding   

  12  0:03  Infested SCV  
  13  0:18  Infested SCV x2  
  15  1:04  Infested Command Center  
  15  1:17  Overlord  
  15  1:44  Infested SCV x4  
  15  1:45  Infested SCV  
  20  2:00  Infested SCV  
  20  2:01  Infested Refinery  
  20  2:03  Infested Refinery  
  21  2:17  Infested SCV  
  22  2:34  Infested Barracks  
  22  2:36  Infested SCV  
  23  2:45  Infested SCV x3  
  26  2:55  Infested SCV  
  26  2:56  Infested Colonist Compound  
  27  3:00  Infested SCV  
  27  3:07  Anaerobic Enhancement  
  28  3:12  Infested SCV  
  29  3:21  Infested SCV  
  29  3:22  Infested SCV  
  31  3:38  Infested SCV x2  
  33  3:49  Infested SCV  
  34  3:59  Infested Command Center  
  34  4:05  Infested SCV x2  
  36  4:13  Infested SCV  
  36  4:18  Infestation Level 1  
  37  4:25  Infested SCV  
  38  4:33  Overlord  
  38  4:40  Infested Engineering Bay  
  38  4:50  Infested Barracks  
  38  5:00  Overlord  
  38  5:01  Infested SCV x3  
  41  5:17  Infested Bunker, Stukov Infantry Weapons Level 1  
  45  5:21  Infested Barracks Tech Lab  
  45  5:24  Infested Factory  
  45  5:26  Infested SCV x2  
  45  5:28  Infested SCV  
  45  5:29  Infested SCV  
  49  5:44  Overlord  
  49  5:52  Plagued Munitions  
  49  6:18  Broodling Gestation, Infested SCV  
  54  6:24  Infested Bunker  
  54  6:26  Infested Engineering Bay  
  54  6:32  Infested Armory  
  54  6:40  Infested SCV  
  54  6:43  Overlord  
  55  7:07  Regenerative Plating  
  55  7:15  Overlord  
  55  7:16  Infested Bunker  
  55  7:17  Infested SCV  
  55  7:18  Infested SCV  
  65  7:23  Infested Bunker  
  65  7:28  Infested Starport  
  65  7:31  Retinal Augmentation  
  65  7:56  Overlord  
  65  8:06  Infested Bunker  
  69  8:13  Infested Bunker  
  69  8:15  Infested Bunker  
  73  8:20  Overlord, Infested Bunker  
  73  8:26  Infested Bunker  
  77  8:36  Infestation Level 2  
  77  8:51  Stukov Infantry Weapons Level 2  
  77  9:07  Overseer  
  77  9:10  Overlord  
  77  9:11  Infested Bunker  
  77  9:14  Infested Bunker  
  85  9:24  Calcified Armor  
  85  9:34  Infested Factory Tech Lab, Infested Factory  
  85  9:38  Pneumatized Carapace  
  77  9:42  Infested Barracks  
  77  9:46  Infested Bunker  
  85  9:50  Infested Bunker  
  85  9:53  Infested Bunker  
  85  10:01  Overlord x2  
  85  10:22  Infested Bunker  
  85  10:23  Infested Bunker  
  85  10:24  Overseer  
  85  10:28  Infested Bunker  
  85  10:34  Infested Bunker  
  85  10:36  Infested Bunker x2  
  97  10:40  Infested Bunker  
  97  10:55  Infestation Level 3  
  97  11:08  Overseer  
  97  11:24  Overlord x2  
  97  11:25  Infested Bunker  
  97  11:27  Aggressive Incubation  
  97  11:56  Infested Bunker  
  101  12:14  Overlord  
  101  12:15  Infested Bunker  
  109  12:21  Stukov Infantry Weapons Level 3  
  109  12:44  Infested Bunker  
  101  13:00  Overseer x2  
  101  13:02  Infested SCV  
  101  13:03  Infested SCV  
  101  13:05  Infested Bunker  
  111  13:29  Infested SCV  
  112  13:30  Overlord x2  
  112  13:34  Infested Bunker  
  112  13:35  Acidic Enzymes  
  112  13:55  Infested Bunker  
  112  13:56  Overlord x3  
  116  14:09  Infested Bunker  
  120  14:10  Infested Bunker  
  120  14:22  Infested Bunker  
  104  14:42  Infested Bunker  
  100  15:06  Infested Bunker  
  100  15:07  Infested Bunker  
  112  15:11  Infested Bunker  
  112  15:14  Infested Bunker  
  116  15:32  Infested Bunker  
  116  15:33  Infested SCV x2  
  116  15:38  Overlord  
  130  15:52  Stukov Infantry Armor Level 1  
  130  15:55  Infested Bunker  
  130  16:00  Infested Bunker  
  130  16:02  Infested Bunker  
  130  16:12  Overseer x3  
  130  16:37  Infested Bunker  
  130  16:46  Infested Bunker x2  
  130  16:49  Infested Bunker  
  142  17:00  Infested Bunker  
  142  17:02  Infested Bunker  
  142  17:15  Infested Bunker  
  146  17:23  Overlord x2  
  146  17:27  Overseer x3  
  146  17:31  Overlord  
  146  17:32  Overlord x3  
  142  17:51  Infested Bunker  
  142  18:08  Infested Bunker  
Show
View Real Time Build Order
Export as new Build Order

sniper Terran 

Build Orders:  

Get SALT Encoding   

  12  0:11  SCV  
Tags
 
Commander
RaynorStukov
Matchup
Co-op
Replay Pack
Co-op Speedrun
Add a new tag
Caveats
  • Supply blocks, unpowered buildings, or Contaminate may cause inaccurate times.
  • Supply counts are checked every 10 seconds.